 Dungeon Crawl Stone Soup version 0.26.1-11-gd32895ea62 (webtiles) character file.

Game seed: 18253254377684725609

146 nothank2 the Shield-Bearer (level 5, -1/33 HPs)
             Began as a Gargoyle Fighter on June 22, 2021.
             Killed from afar by an orc wizard (8 damage)
             ... with a magic dart
             ... on level 3 of the Dungeon.
             The game lasted 00:03:50 (1833 turns).

nothank2 the Shield-Bearer (Gargoyle Fighter)       Turns: 1833, Time: 00:03:51

Health: -1/33      AC: 15    Str: 21    XL:     5   Next: 28%
Magic:  5/5        EV:  4    Int:  8    God:
Gold:   195        SH:  9    Dex:  9    Spells: 4/4 levels left

rFire    . . .     SeeInvis .   a - +0 flail
rCold    . . .     Faith    .   c - +0 kite shield
rNeg     + . .     Spirit   .   g - +0 plate armour
rPois    ∞         Reflect  .   (no helmet)
rElec    +         Harm     .   (no cloak)
rCorr    .         Rampage  .   (no gloves)
Will     .....                  (no boots)
Stlth    ..........             (no amulet)
HPRegen  0.11/turn              (no ring)
MPRegen  0.09/turn              (no ring)

@: no status effects
A: negative energy resistance 1, electricity resistance, unbreathing,
petrification resistance, miasma immunity, AC +4
a: no special abilities


You were on level 3 of the Dungeon.
You visited 1 branch of the dungeon, and saw 3 of its levels.

You collected 195 gold pieces.

Inventory:

Hand Weapons
 a - a +0 flail (weapon)
Missiles
 k - 25 poisoned darts (quivered)
Armour
 b - a +0 scale mail
 c - a +0 kite shield (worn)
 g - a +0 plate armour (worn)
Wands
 n - a wand of acid (7)
Scrolls
 e - 3 scrolls of remove curse
 f - 5 scrolls of enchant armour {unknown}
 h - a scroll of fear {unknown}
 l - a scroll of teleportation {unknown}
 m - a scroll of fog {unknown}
 o - a scroll of magic mapping {unknown}
 p - a scroll of random uselessness {unknown}
Potions
 d - a potion of might
 i - 2 potions of berserk rage {unknown}
 j - a potion of ambrosia {unknown}


   Skills:
 + Level 4.0 Fighting
 + Level 3.5 Maces & Flails
 + Level 4.0 Armour
 + Level 4.3 Shields


You had 4 spell levels left.
You didn't know any spells.
Your spell library was empty.

Dungeon Overview and Level Annotations

Branches:
Dungeon (3/15)

Altars:
Ashenzari
Nemelex Xobeh
Trog
Uskayaw
The Shining One


Innate Abilities, Weirdness & Mutations

You are resistant to torment.
Your stone body is resilient. (AC +4)
You are immune to poison.
You resist negative energy. (rN+)
You are resistant to electric shocks. (rElec)
You can survive without breathing.
You are immune to petrification.
You are immune to miasma.


Message History

You bump into the rock wall.
The orc wizard hits you but does no damage.
You closely miss the orc wizard.
The orc wizard casts a spell at itself.
The orc wizard flickers and vanishes!
Deactivating autopickup; reactivate with Ctrl-A.
You're too confused to move!
Something hits you.
* * * LOW HITPOINT WARNING * * *
You hear some strange, mumbled words.
You are more confused.
You bump into the rock wall.
Something hits you but does no damage.
You bump into the rock wall.
Something hits you but does no damage.
You bump into the rock wall.
Something hits you but does no damage.
You bump into the rock wall.
Something hits you but does no damage.
You hit something.
You feel less confused.
You hear some strange, mumbled words.
A magic dart appears from out of thin air!
The magic dart hits you!
You die...

### ..# #.# #.# #
#######.###.#####
#.......{@.......
#.#####.###.#####
####.# ##.## #
#....####[..#####
#.........#.......
#....#.##().#####.
...)###...###)##
### .#.#..# ...
#.##..# #...#


There were no monsters in sight!

Vanquished Creatures
  An orc priest (D:3)
  Terence (D:2)
  A gnoll (D:1)
  An adder (D:2)
  An ooze (D:2)
  2 worms (D:2)
  2 dart slugs
  A leopard gecko (D:1)
  An orc (D:3)
  3 ball pythons
  3 bats (D:1)
  3 giant cockroaches
  9 goblins
  8 hobgoblins
  10 kobolds
  7 rats
54 creatures vanquished.

Notes
Turn   | Place    | Note
-------+----------+-------------------------------------------
     0 | D:1      | nothank2 the Gargoyle Fighter began the quest for the Orb.
     0 | D:1      | Reached XP level 1. HP: 14/14 MP: 1/1
    18 | D:1      | Reached XP level 2. HP: 3/19 MP: 2/2
   403 | D:1      | Reached XP level 3. HP: 24/24 MP: 3/3
   542 | D:1      | Found a broken altar of Ashenzari.
  1055 | D:2      | Reached XP level 4. HP: 29/29 MP: 4/4
  1093 | D:2      | Found a sparkling altar of Nemelex Xobeh.
  1131 | D:2      | Found a faded altar of an unknown god.
  1131 | D:2      | Noticed Terence
  1138 | D:2      | Killed Terence
  1253 | D:2      | Found a hide-covered altar of Uskayaw.
  1253 | D:2      | Noticed a +0 hand axe
  1254 | D:2      | Noticed a +0 dagger
  1738 | D:3      | Found a bloodstained altar of Trog.
  1738 | D:3      | Found a glowing golden altar of the Shining One.
  1803 | D:3      | Reached XP level 5. HP: 18/33 MP: 5/5
  1833 | D:3      | Killed from afar by an orc wizard

Illustrated notes

Levels and vault maps discovered:
D:1:      minmay_arrival_five_plusses, layout_rooms,
          nicolae_ashenzari_panopticon
D:2:      layout_basic, dancing_weapons_uskayaw,
          nemelex_xobeh_ov_fountains_minmay, chequers_ecumenical_altar_simple,
          uniq_terence
D:3:      layout_loops_ring, gammafunk_temple_overflow_pools

Skill      XL: |  1  2  3  4 |
---------------+-------------+-----
Shields        | 4 |  4.3
Maces & Flails | 3 |  3.5
Fighting       | 4 |  4.0
Armour         | 4 |  4.0

Action                   |  1- 3 |  4- 6 || total
-------------------------+-------+-------++-------
Melee: Flail             |    97 |    73 ||   170
  Use: Scroll            |     1 |       ||     1
Armor: Scale mail        |    47 |       ||    47
       Plate armour      |     8 |    41 ||    49
Dodge: Dodged            |    28 |    10 ||    38
Block: Kite shield       |    48 |    36 ||    84
